 Dungeon Crawl Stone Soup version 0.24-a0-264-gf46a388 (webtiles) character file.

Game seed: 658707925873318634

20667 galech the Cleaver (level 12, -4/94 HPs)
             Began as a Demonspawn Fighter on Apr 19, 2019.
             Was a High Priest of Okawaru.
             Slain by a komodo dragon (22 damage)
             ... on level 4 of the Lair of Beasts.
             The game lasted 00:21:43 (13067 turns).

galech the Cleaver (Demonspawn Fighter)            Turns: 13067, Time: 00:21:44

Health: -4/94      AC: 21    Str: 20    XL:     12   Next: 47%
Magic:  0/14       EV:  8    Int: 10    God:    Okawaru [*****.]
Gold:   801        SH:  0    Dex: 17    Spells: 11/11 levels left

rFire    . . .     SeeInvis .   S - +6 broad axe (elec)
rCold    + + .     Gourm    .   c - +1 shield
rNeg     . . .     Faith    .   h - +0 chain mail {rC+}
rPois    .         Spirit   +   (helmet restricted)
rElec    .         Reflect  .   q - +0 cloak
rCorr    .         Harm     .   (no gloves)
MR       +....                  l - +2 pair of boots
Stlth    ..........             B - amulet of regeneration
HPRegen  0.65/turn              E - ring of attention (curse)
MPRegen  0.28/turn              M - ring "Gizod" {MR+ Str+3}

@: about to teleport, sleeping
A: horns 2, iridescent scales 3, cold resistance 1, magic shield, magic
regeneration
a: Heroism, Finesse, Renounce Religion


You were on level 4 of the Lair of Beasts.
You worshipped Okawaru.
Okawaru was extremely pleased with you.
You were near starving.

You visited 3 branches of the dungeon, and saw 15 of its levels.
You also visited: Sewer.

You collected 801 gold pieces.

Inventory:

Hand Weapons
 t - the +4 battleaxe of the Dragonfly {flame, rF+ Stlth+}
   (Okawaru gifted it to you on level 3 of the Lair of Beasts)

   It has been specially enchanted to burn those struck by it, causing extra
   injury to most foes and up to half again as much damage against particularly
   susceptible opponents.
   Big, fiery blades are also staple armaments of hydra-hunters.
   It protects you from fire.
   It makes you more stealthy.
 Q - a +7 scimitar of flaming
 S - a +6 broad axe of electrocution (weapon)
Armour
 c - a +1 shield (worn)
 h - a +0 chain mail of cold resistance (worn)
 l - a +2 pair of boots (worn)
 q - a +0 cloak (worn)
 u - a +2 ring mail of positive energy
 R - a +2 scale mail of fire resistance
Jewellery
 B - an amulet of regeneration (around neck)
 E - a cursed ring of attention (left hand)
 H - an uncursed amulet of the gourmand
 M - the ring "Gizod" (right hand) {MR+ Str+3}
   (You found it on level 8 of the Dungeon)

   [ring of protection from magic]

   It affects your strength (+3).
   It affects your resistance to hostile enchantments.
Wands
 a - a wand of random effects (31)
 D - a wand of clouds (2)
 J - a wand of iceblast (14)
 L - a wand of digging (17)
 O - a wand of polymorph (26)
 P - a wand of scattershot (4)
Scrolls
 b - 2 scrolls of remove curse
 e - 2 scrolls of brand weapon {unknown}
 g - 5 scrolls of enchant armour
 m - 4 scrolls of fear
 n - 6 scrolls of teleportation
 v - 2 scrolls of immolation
 w - 8 scrolls of identify
 y - a scroll of holy word {unknown}
 z - 3 scrolls of random uselessness {unknown}
 C - 2 scrolls of magic mapping {unknown}
 K - a scroll of fog {unknown}
 N - 2 scrolls of blinking {unknown}
 T - a scroll of acquirement {unknown}
 U - a scroll of noise {unknown}
 V - a scroll of amnesia {unknown}
Potions
 d - a potion of heal wounds {unknown}
 i - a potion of agility
 j - 8 potions of curing
 k - 3 potions of lignification {unknown}
 o - a potion of magic {unknown}
 p - 5 potions of flight
 r - 2 potions of invisibility {unknown}
 s - 2 potions of mutation {unknown}
 x - 2 potions of degeneration {unknown}
 A - a potion of cancellation {unknown}
 F - 3 potions of ambrosia {unknown}
 I - 2 potions of resistance {unknown}
 W - a potion of haste {unknown}
Comestibles
 f - 31 rations


   Skills:
 + Level 8.9 Fighting
 + Level 12.8 Axes
 + Level 7.4 Armour
 + Level 3.6 Dodging
 + Level 2.4 Stealth
 + Level 8.9 Shields
 + Level 3.2 Invocations


You had 11 spell levels left.
You didn't know any spells.
Your spell library contained the following spells:

 Spells                   Type           Power        Failure   Level  Hunger
 Animate Skeleton         Necr           N/A          100%        1    ##.....
 Confusing Touch          Hex            #.....       100%        1    ##.....
 Magic Dart               Conj           #...         100%        1    ##.....
 Pain                     Necr           #...         100%        1    ##.....
 Searing Ray              Conj           #.....       100%        2    ###....
 Confuse                  Hex            #.......     100%        3    ####...
 Dazzling Spray           Conj/Hex       #.....       100%        3    ####...
 Gell's Gravitas          Tloc           #.........   100%        3    ####...
 Regeneration             Chrm/Necr      #.........   100%        3    ####...
 Vampiric Draining        Necr           #.........   100%        3    ####...
 Animate Dead             Necr           N/A          100%        4    #####..
 Force Lance              Conj/Tloc      #.......     100%        4    #####..
 Fulminant Prism          Conj/Hex       #.........   100%        4    #####..
 Iskenderun's Mystic Bla  Conj           #.......     100%        4    #####..
 Petrify                  Tmut/Erth      #.......     100%        4    #####..
 Metabolic Englaciation   Hex/Ice        #.........   100%        5    ######.
 Yara's Violent Unravell  Hex/Tmut       #.........   100%        5    ######.


Dungeon Overview and Level Annotations

Branches:
Dungeon (10/15)            Temple (1/1) D:5            Lair (4/6) D:8
 Shoals (0/4) Lair:2       Spider (0/4) Lair:2          Orc (0/2) D:10

Altars:
Ashenzari
Cheibriados
Fedhas
Gozag
Hepliaklqana
Kikubaaqudgha
Makhleb
Nemelex Xobeh
Okawaru
Qazlal
Ru
Sif Muna
Trog
Uskayaw
Vehumet
Xom
Zin
The Shining One
Beogh

Annotations:
D:2 2 transporters
Lair:3 exclusion: oklob plant


Innate Abilities, Weirdness & Mutations

You have a pair of horns on your head.
You are completely covered in iridescent scales. (AC +6)
Your flesh is cold resistant. (rC+)
When hurt, damage is shared between your health and your magic reserves.
You regenerate magic rapidly.


Message History

You are too injured to fight recklessly!
Unknown command.
You are too injured to fight recklessly!
Unknown command.
You are too injured to fight recklessly!
Unknown command.
The dream sheep are wreathed in dream dust.
You feel drowsy...
You fall asleep.
The komodo dragon bites you!!!
You wake up.
* * * LOW HITPOINT WARNING * * *
You feel better.
The dream sheep bites you but does no damage.
You block the komodo dragon's attack.
As you read the scroll of teleportation, it crumbles to dust.
You feel strangely unstable.
The dream sheep bites you but does no damage. x2
The dream sheep are wreathed in dream dust.
You feel drowsy...
You fall asleep.
The komodo dragon bites you!!
You die...

#.......#
#...#.P.###
#......#
#.........Y
#...P..##
#..........
####..#....#
##...Y.#
#....#.#..#
#...Y.##
..........#
###.Y.###
######....#
###..Y.##
#.#..####..YY.##
#.#...##...@l.#
#............##
#..P.....#.#P#
#.........####
#..#.#.#.#<#
...###........
.##. ##.#.#.#.#
# ..........
#.#.# #.#.


You could see a komodo dragon and 6 dream sheep.

Vanquished Creatures
  Josephine (D:10)
  Erolcha (D:10)
  2 two-headed ogres
  7 death yaks
  Urug (D:10)
  Nergalle (D:10)
  Maurice (D:10)
  Psyche (D:7)
  4 spiny frogs
  A rime drake (Lair:3)
  2 komodo dragons
  4 dream sheep (Lair:3)
  4 blink frogs (Lair:1)
  3 hippogriffs
  Sigmund (D:4)
  5 wraiths (D:10)
  4 yaks (Lair:4)
  A hungry ghost (D:10)
  Menkaure (D:6)
  Duvessa (D:6)
  5 porcupines
  5 water moccasins
  An orc warrior (D:8)
  An ice beast (D:8)
  4 phantoms
  4 sky beasts
  2 necrophages
  8 ogres
  2 centaurs (D:10)
  7 crocodiles
  3 big kobolds
  2 bullfrogs
  Dowan (D:6)
  3 scorpions
  3 troll zombies (D:10)
  5 wights (D:6)
  A vampire bat (Lair:1)
  3 howler monkeys
  2 centaur zombies
  7 crimson imps
  6 hounds
  4 jellies (D:10)
  Crazy Yiuf (D:2)
  3 orc priests
  2 orc wizards
  A bullfrog skeleton (D:9)
  4 worker ants
  A hell rat (Lair:3)
  A killer bee zombie (D:7)
  5 ogre zombies (D:10)
  A hound zombie (D:5)
  A worker ant zombie (D:9)
  6 gnolls
  8 adders
  A howler monkey skeleton (D:10)
  A river rat (Sewer)
  A shadow imp (D:10)
  7 oozes
  2 adder skeletons
  An adder zombie (D:5)
  2 worms (D:3)
  2 dart slugs (D:2)
  4 leopard geckos
  43 orcs
  2 ball pythons (D:5)
  14 bats
  4 giant cockroaches
  9 goblins
  7 hobgoblins
  14 jackals
  23 kobolds
  4 quokkas
  4 frilled lizards
  A goblin skeleton (D:10)
  2 goblin zombies (D:10)
  A hobgoblin zombie (D:10)
  2 leopard gecko skeletons
  7 orc skeletons (D:10)
  13 orc zombies (D:10)
  A quokka skeleton (D:9)
  16 rats
  5 fungi
  2 plants
354 creatures vanquished.

Notes
Turn   | Place    | Note
-------+----------+-------------------------------------------
     0 | D:1      | galech the Demonspawn Fighter began the quest for the Orb.
     0 | D:1      | Reached XP level 1. HP: 18/18 MP: 1/1
   187 | D:1      | Gained mutation: You are partially covered in iridescent
                  | scales. (AC +2) [demonic ancestry]
   187 | D:1      | Reached XP level 2. HP: 24/24 MP: 2/2
   306 | D:1      | Reached skill level 2 in Axes
   685 | D:2      | Reached XP level 3. HP: 22/29 MP: 3/3
   922 | D:2      | Found a hide-covered altar of Uskayaw.
   922 | D:2      | Noticed a killer bee
   932 | D:2      | Found a sacrificial altar of Ru.
   948 | D:2      | Found a glowing golden altar of the Shining One.
   966 | D:2      | Found a transporter.
  1019 | D:2      | Found a transporter.
  1131 | D:2      | Found a runed translucent door.
  1132 | D:2      | Noticed Crazy Yiuf
  1205 | D:2      | Found an opulent altar of Gozag.
  1206 | D:2      | Found a stormy altar of Qazlal.
  1207 | D:2      | Found a radiant altar of Vehumet.
  1208 | D:2      | Found an ancient bone altar of Kikubaaqudgha.
  1319 | D:2      | Killed Crazy Yiuf
  1319 | D:2      | Gained mutation: You are mostly covered in iridescent
                  | scales. (AC +4) [demonic ancestry]
  1319 | D:2      | Reached XP level 4. HP: 29/35 MP: 4/4
  1451 | D:3      | Reached skill level 3 in Axes
  1483 | D:3      | Gained mutation: You are completely covered in iridescent
                  | scales. (AC +6) [demonic ancestry]
  1483 | D:3      | Reached XP level 5. HP: 12/41 MP: 5/5
  1848 | D:3      | Noticed a necrophage
  1863 | D:3      | Reached skill level 1 in Stealth
  1866 | D:3      | Killed a necrophage
  2301 | D:3      | Reached skill level 1 in Dodging
  2301 | D:3      | Gained mutation: When hurt, damage is shared between your
                  | health and your magic reserves. [demonic ancestry]
  2301 | D:3      | Reached XP level 6. HP: 38/46 MP: 6/6
  2574 | D:4      | Noticed Sigmund
  2605 | D:4      | Killed Sigmund
  2605 | D:4      | Reached skill level 4 in Axes
  3199 | D:4      | Gained mutation: You have a pair of small horns on your
                  | head. [demonic ancestry]
  3199 | D:4      | Reached XP level 7. HP: 41/52 MP: 7/7
  3689 | D:4      | Found a hazy altar of Hepliaklqana.
  3834 | D:5      | Entered Level 5 of the Dungeon
  4031 | D:5      | Found a glowing drain.
  4045 | Sewer    | Entered a sewer
  4143 | Sewer    | Reached skill level 5 in Axes
  4326 | Sewer    | Found a white marble altar of Elyvilon.
  4398 | D:5      | Found a shimmering altar of Xom.
  4454 | D:5      | Found a shattered altar of Ashenzari.
  4718 | D:5      | Found a staircase to the Ecumenical Temple.
  4784 | Temple   | Entered the Ecumenical Temple
  4881 | Temple   | Became a worshipper of Warmaster Okawaru
  5027 | D:5      | Reached skill level 5 in Shields
  5027 | D:5      | Reached XP level 8. HP: 54/59 MP: 8/8
  5051 | D:5      | Found a stormy altar of Qazlal.
  5332 | D:6      | Found a glowing golden altar of the Shining One.
  5332 | D:6      | Noticed Menkaure
  5336 | D:6      | Killed Menkaure
  5336 | D:6      | Reached skill level 6 in Axes
  5372 | D:6      | Reached * piety under Okawaru
  5659 | D:6      | Noticed Dowan
  5660 | D:6      | Noticed Duvessa
  5678 | D:6      | Killed Duvessa
  5685 | D:6      | Killed Dowan
  5873 | D:6      | Reached skill level 7 in Axes
  6154 | D:7      | Reached ** piety under Okawaru
  6154 | D:7      | Gained mutation: You have a pair of horns on your head.
                  | [demonic ancestry]
  6154 | D:7      | Reached XP level 9. HP: 57/66 MP: 9/9
  6680 | D:7      | Found a burning altar of Makhleb.
  6680 | D:7      | Found a shimmering altar of Xom.
  6748 | D:7      | Reached skill level 5 in Armour
  6777 | D:7      | Reached skill level 5 in Fighting
  7124 | D:8      | Noticed Psyche
  7126 | D:8      | Noticed a death yak
  7127 | D:8      | Noticed a death yak
  7129 | D:8      | Noticed a death yak
  7346 | D:8      | Got an ancient copper ring
  7347 | D:8      | Identified the ring "Gizod" {MR+ Str+3} (You found it on
                  | level 8 of the Dungeon)
  7404 | D:8      | Found a roughly hewn altar of Beogh.
  7519 | D:7      | Killed a death yak
  7519 | D:7      | Reached skill level 8 in Axes
  7952 | D:8      | Reached *** piety under Okawaru
  8027 | D:7      | Killed Psyche
  8027 | D:7      | Reached skill level 9 in Axes
  8071 | D:8      | Noticed a death yak
  8071 | D:8      | Noticed a death yak
  8074 | D:8      | Noticed a death yak
  8091 | D:7      | Killed a death yak
  8091 | D:7      | Gained mutation: You regenerate magic rapidly. [demonic
                  | ancestry]
  8091 | D:7      | Reached XP level 10. HP: 64/75 MP: 6/10
  8122 | D:7      | Killed a death yak
  8122 | D:7      | Reached skill level 1 in Invocations
  8183 | D:8      | Noticed a death yak
  8211 | D:7      | Killed a death yak
  8211 | D:7      | Reached **** piety under Okawaru
  8339 | D:8      | Found a staircase to the Lair.
  8596 | D:8      | Killed a death yak
  8596 | D:8      | Reached skill level 10 in Axes
  8847 | D:8      | Killed a death yak
  8847 | D:8      | Reached ***** piety under Okawaru
  8868 | D:8      | Killed a death yak
  8868 | D:8      | Reached XP level 11. HP: 28/83 MP: 2/12
  8991 | D:8      | Found a sparkling altar of Nemelex Xobeh.
  9031 | D:9      | Noticed a two-headed ogre
  9043 | D:9      | Killed a two-headed ogre
  9294 | D:9      | Received a gift from Okawaru
  9810 | D:10     | Entered Level 10 of the Dungeon
  9829 | D:10     | Noticed Josephine
  9841 | D:10     | Killed Josephine
  9854 | D:10     | Reached skill level 11 in Axes
  9966 | D:10     | Found a staircase to the Orcish Mines.
 10066 | D:10     | Noticed Erolcha
 10077 | D:10     | Killed Erolcha
 10174 | D:10     | Noticed Urug
 10190 | D:10     | Killed Urug
 10383 | D:10     | Noticed Maurice
 10399 | D:10     | Killed Maurice
 10411 | D:10     | Noticed a two-headed ogre
 10414 | D:10     | Noticed Nergalle
 10419 | D:10     | Killed a two-headed ogre
 10419 | D:10     | Reached skill level 12 in Axes
 10427 | D:10     | Killed Nergalle
 10427 | D:10     | Received a gift from Okawaru
 10795 | Lair:1   | Entered Level 1 of the Lair of Beasts
 10916 | Lair:1   | Gained mutation: Your flesh is cold resistant. (rC+)
                  | [demonic ancestry]
 10916 | Lair:1   | Reached XP level 12. HP: 88/92 MP: 14/14
 11547 | Lair:2   | Found a staircase to the Shoals.
 11560 | Lair:2   | Found a hole to the Spider Nest.
 12034 | Lair:3   | Reached ****** piety under Okawaru
 12123 | Lair:3   | Received a gift from Okawaru
 12132 | Lair:3   | Got a slimy battleaxe {god gift}
 12138 | Lair:3   | Identified the +4 battleaxe of the Dragonfly {flame, rF+
                  | Stlth+} (Okawaru gifted it to you on level 3 of the Lair of
                  | Beasts)
 13067 | Lair:4   | Slain by a komodo dragon

Levels and vault maps discovered:
D:1:      tarquinn_simple_flora_water_c, layout_loops_ring
D:2:      layout_rooms, grunt_temple_overflow_open,
          gammafunk_temple_overflow_arena, uniq_crazy_yiuf_cottage
D:3:      layout_loops_cross, chequers_serial_rivers_small_b
D:4:      layout_basic, kennysheep_mini, first_ration,
          kennysheep_generic_room_7, uniq_sigmund
D:5:      layout_gridville, lemuel_crystal_altar,
          minmay_temple_entry_stoned_glass, portal_sewer_entry_b, basic_altar,
          nicolae_qazlal_eye_of_the_storm
D:6:      layout_basic, basic_altar, uniq_menkaure, uniq_duvessa
D:7:      layout_layer_cave, grunt_temple_overflow_champion_of_chaos
D:8:      layout_cave_pools, dpeg_lair_monsters, special_room
          [special_room_orc], basic_altar, uniq_psyche
D:9:      layout_loops_ring
D:10:     layout_irregular_city, zombieorc2_lemuel,
          hangedman_little_slice_of_home, st_stairs_7, uniq_erolcha,
          uniq_nergalle, uniq_urug, uniq_josephine, uniq_maurice
Temple:   minmay_temple_curvy_loop
Lair:1:   layout_regular_city, roderic_batcave
Lair:2:   layout_hall_layers, shoals_dummy_entry, dummy_spider_entry
Lair:3:   layout_loops_ring, minmay_lair_oklob_bushes, minmay_stone_trees_small,
          beast_lair_carwin_6
Lair:4:   layout_concentric_octagons, gammafunk_ghost_necromancy, st_stairs_13,
          minmay_shattered_shrine, lemuel_fruit_fields, uniq_rupert
Sewer:    sewer_kobolds

Skill      XL: |  1  2  3  4  5  6  7  8  9 10 11 12 |
---------------+-------------------------------------+-----
Shields        | 3 4 5 6 7 8 |  8.9
Axes           | 2 3 4 5 7 9 10 12 | 12.8
Armour         | 3 4 5 6 7 |  7.4
Stealth        | 1 2 |  2.4
Dodging        | 1 2 3 |  3.6
Fighting       | 4 6 7 8 |  8.9
Invocations    | 1 2 3 |  3.2

Action                   |  1- 3 |  4- 6 |  7- 9 | 10-12 || total
-------------------------+-------+-------+-------+-------++-------
Melee: War axe           |   165 |   246 |   405 |   405 ||  1221
       Headbutt          |       |       |   103 |   145 ||   248
       Broad axe         |       |       |       |   161 ||   161
Invok: Heroism           |       |       |     4 |    13 ||    17
  Use: Scroll            |       |     2 |     7 |     6 ||    15
       Potion            |       |     1 |     3 |     4 ||     8
 Stab: Invisible         |     4 |       |       |       ||     4
  Eat: Chunk             |     1 |     6 |    20 |    16 ||    43
       Ration            |       |       |       |     1 ||     1
Armor: Chain mail        |   135 |   172 |   194 |   225 ||   726
       Scale mail        |     9 |       |       |       ||     9
Dodge: Dodged            |    28 |    35 |    72 |   171 ||   306
Block: Shield            |    72 |   111 |   199 |   326 ||   708

Table legend:
 A = Non-vault XP
 B = Vault XP
 C = Vault XP percentage of total XP
 D = Non-vault monster count
 E = Vault monster count
 F = Vault count percentage of total count
                 A         B        C        D         E       F
            +---------+---------+-------+---------+---------+-------
      Total |   14086 |   15439 |  52.3 |     222 |     125 |  36.0
            +---------+---------+-------+---------+---------+-------
        D:1 |      30 |       0 |   0.0 |      16 |       0 |   0.0
        D:2 |      46 |      41 |  47.1 |      20 |       1 |   4.8
        D:3 |     268 |       0 |   0.0 |      23 |       0 |   0.0
        D:4 |      57 |     299 |  84.0 |      14 |       2 |  12.5
        D:5 |     700 |       8 |   1.1 |      19 |       6 |  24.0
        D:6 |     724 |     402 |  35.7 |      18 |       3 |  14.3
        D:7 |     414 |    3962 |  90.5 |       9 |       6 |  40.0
        D:8 |    1124 |    2938 |  72.3 |      27 |      27 |  50.0
        D:9 |    1440 |       0 |   0.0 |      27 |       0 |   0.0
       D:10 |    1817 |    6361 |  77.8 |      14 |      55 |  79.7
     Lair:1 |    1783 |      70 |   3.8 |       9 |      10 |  52.6
     Lair:2 |    1123 |       0 |   0.0 |       6 |       0 |   0.0
     Lair:3 |    2823 |    1243 |  30.6 |      13 |       6 |  31.6
     Lair:4 |    1737 |       0 |   0.0 |       7 |       0 |   0.0
      Sewer |       0 |     115 | 100.0 |       0 |       9 | 100.0
            +---------+---------+-------+---------+---------+-------
